Match 24938174
Unlisted

Match 24938174
End
Kradschützen Motorcycle Team
Selects Italian Combined Arms Battlegroup
Selects Bersaglieri Squad
Bersaglieri Squad
Bersaglieri Squad
Construct Light Support Kompanie
2.5-tonne Medical Truck
Bersaglieri Squad
Selects Bersaglieri Bolster
Fire Support Elements
Flakvierling Half-track
Pak 38 Anti-tank Gun Team
Selects Breda Model 30 Light Machine Guns
Bersaglieri Squad
Panzerjäger Mechanized Group
Selects Semovente da 75/18 Assault Gun
Construct Panzerarmee Kommand
Selects Strafing Run
Strafing Run
Panzer III L Medium Tank
Bersaglieri Squad
Strafing Run
Selects Artillery Cover
Vehicle Survival Package
Strafing Run
Walking Stuka Rocket Launcher
Strafing Run
Bersaglieri Squad
Armored Reserves
Bersaglieri Squad
Pak 38 Anti-tank Gun Team
Strafing Run
Bersaglieri Squad
Walking Stuka Rocket Launcher
Strafing Run
Flak 36 Anti-tank Gun Team
Bersaglieri Squad
Bersaglieri Squad
Pak 38 Anti-tank Gun Team
TomHonk
Aythameitor
SneaKerz
gb_gbg
0
0

Comments sign in to comment!

No comments posted yet!